 Dungeon Crawl Stone Soup version 0.32-a0-711-g016ad743e0 (webtiles) character file.

Game seed: 11089961648037514718

12331 Yohl the Carver (level 11, 0/84 HPs)
             Began as a Coglin Gladiator on Mar 16, 2024.
             Was a Priest of Beogh.
             Slain by Orgrim the orc apostle
             ... wielding the +8 flail "Uxiuhorcha" {speed, Dex+4}
              (17 damage)
             ... on level 12 of the Dungeon.
             The game lasted 00:32:48 (10889 turns).

Yohl the Carver (Coglin Gladiator)                 Turns: 10889, Time: 00:32:48

Health: 0/84       AC: 10    Str: 19    XL:     11   Next: 91%
Magic:  11/11      EV: 13    Int:  7    God:    Beogh [***...]
Gold:   556        SH:  0    Dex: 16    Spells: 10/10 levels left

rFire   . . .        B - +5 long sword {Nenetl}
rCold   . . .        c - +8 trident of the Octopus King {venom, rElec rPois}
rNeg    . . .        A - +0 steam dragon scales
rPois   +            k - +1 hat
rElec   +            D - +0 cloak
rCorr   .            (no gloves)
SInv    .            b - +0 pair of boots
Will    .....        (amulet unavailable)
Stlth   ++++         (ring unavailable)
HPRegen 0.34/turn    (ring unavailable)
MPRegen 0.12/turn    (no gizmo)

%: no passive effects
@: revved
A: off-hand wielding, slow wielding, warmup strikes, no jewellery
a: Invent Gizmo, Renounce Religion, Smiting, Recall Apostles, Dismiss Marbaugh,
priest


You were on level 12 of the Dungeon.
You worshipped Beogh.
Beogh was most pleased with you.
You visited 2 branches of the dungeon, and saw 13 of its levels.
You also visited: Sewer and Bailey.

You collected 556 gold pieces.

Inventory:

Hand Weapons
 a - a +0 long sword {Marduk-asir}
 c - the +8 trident of the Octopus King (offhand) {venom, rElec rPois}
   (You found it on level 9 of the Dungeon)

   rElec:     It insulates you from electricity.
   rPois:     It protects you from poison.
 l - a +0 long sword {Manveen}
 q - the +12 lajatang "Bataiq" {flame, Str+4 Int+3}
   (You found it on level 3 of the Dungeon)

   Str+4:     It affects your strength (+4).
   Int+3:     It affects your intelligence (+3).
 y - a +0 scimitar
 B - a +5 long sword (weapon) {Nenetl}
Missiles
 d - 3 throwing nets
Armour
 b - a +0 pair of boots (worn)
 k - a +1 hat (worn)
 s - a +0 ring mail
 A - +0 steam dragon scales (worn)
 D - a +0 cloak (worn)
Wands
 e - a wand of flame (4)
 p - a wand of digging (1)
 t - a wand of polymorph (7)
Scrolls
 h - 7 scrolls of teleportation
 i - 3 scrolls of revelation
 n - a scroll of acquirement {unknown}
 o - a scroll of fog {unknown}
 r - a scroll of identify
 u - a scroll of vulnerability {unknown}
 v - a scroll of poison {unknown}
 x - 2 scrolls of blinking {unknown}
 C - 2 scrolls of enchant armour {unknown}
 E - a scroll of enchant weapon {unknown}
 F - a scroll of silence {unknown}
Potions
 f - 2 potions of curing
 g - a potion of brilliance {unknown}
 j - a potion of attraction
 m - 2 potions of enlightenment
 w - 2 potions of heal wounds
 z - 2 potions of might


   Skills:
 + Level 7.5 Fighting
 + Level 1.1(6.7) Short Blades
 + Level 11.4(11.5) Long Blades
 + Level 3.9 Polearms
 + Level 1.9 Throwing
 + Level 6.6 Armour
 + Level 5.4 Dodging
 - Level 7.0 Stealth
 + Level 0.2 Invocations
 + Level 4.8 Evocations


You had 10 spell levels left.
You didn't know any spells.
Your spell library contained the following spells:

 Spells                   Type           Power      Damage    Failure   Level
 Blink                    Tloc           0%         N/A       56%         2
 Call Imp                 Summ           0%         N/A       56%         2
 Cigotuvi's Dreadful Rot  Necr/Alch/Air  0%         N/A       56%         2
 Ensorcelled Hibernation  Hex/Ice        0%         N/A       56%         2
 Lesser Beckoning         Tloc           0%         N/A       56%         2
 Momentum Strike          Conj/Tloc      0%         3d8       56%         2
 Sublimation of Blood     Necr           0%         N/A       56%         2
 Inner Flame              Hex/Fire       0%         N/A       80%         3
 Passwall                 Erth           0%         N/A       80%         3
 Swiftness                Air            0%         N/A       80%         3
 Dispel Undead            Necr           0%         3d6       99%         4
 Flame Wave               Conj/Fire      0%         2d4       99%         4
 Fulminant Prism          Conj/Alch      0%         3d5       99%         4
 Martyr's Knell           Necr/Summ      0%         N/A       99%         4
 Petrify                  Alch/Erth      0%         N/A       99%         4
 Sticky Flame             Fire/Alch      0%         2d4       99%         4
 Irradiate                Conj/Alch      0%         3d11      100%        5
 Summon Forest            Summ/Tloc      0%         N/A       100%        5
 Summon Hydra             Summ           0%         N/A       100%        7
 Chain Lightning          Conj/Air       0%         N/A       100%        9


Dungeon Overview and Level Annotations

Branches:
Dungeon (12/15)            Temple (1/1) D:4            Lair (0/5) D:11
    Orc (0/2) D:10          Sewer (visited)          Bailey (visited)

Altars:
Ashenzari
Cheibriados
Dithmenos
Elyvilon
Fedhas
Gozag
Hepliaklqana
Kikubaaqudgha
Makhleb
Nemelex Xobeh
Okawaru
Qazlal
Ru
Sif Muna
Trog
Uskayaw
Vehumet
Wu Jian
Yredelemnul
Zin
The Shining One

Shops:
D:2 =   D:4 =

Portals:
Trove: D:12 (give +7 demon blade)

Annotations:
D:6 2 transporters, mopl's ghost, novice MfFi
D:7 Jeremiah


Innate Abilities, Weirdness & Mutations

Your facial features are unmistakably orcish.
You can wield a second weapon in your off-hand.
It takes a long time for you to wield or remove held weapons.
Your first few attacks do less damage.
You cannot equip rings or amulets.


Message History

You completely miss Orgrim with the +8 trident of the Octopus King.
Orgrim is moderately wounded.
You hit Orgrim with your +5 long sword.
Orgrim hits you with the +8 flail "Uxiuhorcha"!
You puncture Orgrim with the +8 trident of the Octopus King!
Orgrim looks as sick as possible!
Orgrim is heavily wounded.
You hit Orgrim with your +5 long sword. Orgrim completely misses you.
You miss Orgrim with your +5 long sword.
Orgrim is heavily wounded.
You hit Orgrim with the +8 trident of the Octopus King.
Orgrim looks as sick as possible!
Orgrim invokes the aid of Beogh against you.
Beogh smites you!
You closely miss Orgrim with your +5 long sword.
Orgrim is heavily wounded.
You miss Orgrim with the +8 trident of the Octopus King.
Orgrim is no longer regenerating.
Orgrim invokes the aid of Beogh against you.
Beogh smites you!
* * * LOW HITPOINT WARNING * * *
You feel much better.
Orgrim hits you with the +8 flail "Uxiuhorcha".
Orgrim utters an invocation to Beogh.
Orgrim's wounds begin to rapidly close.
You slash Orgrim with your +5 long sword!
Orgrim is severely wounded.
You hit Orgrim but do no damage.
Orgrim hits you with the +8 flail "Uxiuhorcha"!
* * * LOW HITPOINT WARNING * * *
You barely miss Orgrim with your +5 long sword.
Orgrim is severely wounded.
You puncture Orgrim with the +8 trident of the Octopus King!
Orgrim looks as sick as possible!
Orgrim barely misses you.
You closely miss Orgrim with the +8 trident of the Octopus King.
Orgrim is severely wounded.
You hit Orgrim with your +5 long sword.
Orgrim hits you with the +8 flail "Uxiuhorcha"!
You die...
Beogh appreciates Orgrim's killing of a heretic priest.

#.......# ...
#.......####.###
#........#.....
#........#.#.#
#.......>....#
#......s.#.### #......ss#.#
######'#o#.#
#######......#@#.# ..##
........####.#.#.#####....
######.....###.#.#.##.....#
.....'.....'...#.#.##....#
#
....##.....#####.#.##....#
# ....##...(.# #.#.##....#
# ....##.....# #.#.##....#
# ....######## #.#..'.<..#
# #
################.####....#
#.###


You could see Orgrim the orc apostle (regenerating, extremely poisoned, divinely
empowered) and 3 scorpions.

Vanquished Creatures
  Erica (D:10)
  A two-headed ogre (D:10)
  Pikel (D:5)
  A manticore (D:11)
  2 gargoyles
  3 komodo dragons
  Psyche (D:9)
  A troll (D:11)
  Grinder (D:5)
  Prince Ribbit (D:8)
  A hornet (D:10)
  3 slime creatures (D:12)
  2 shadows
  12 yaks
  A steam dragon (D:10)
  5 vampire mosquitoes
  Menkaure (D:7)
  An acid dragon (D:10)
  2 water moccasins (D:5)
  Pargi (Sewer)
  An ice beast (D:5)
  A black bear (D:7)
  An orc warrior (D:7)
  A sky beast (D:8)
  An ogre (D:5)
  4 centaurs
  A phantom (D:6)
  A lemure (D:5)
  3 bullfrogs
  3 kobold brigands
  3 scorpions
  A brain worm (Sewer)
  7 wights
  A killer bee (D:10)
  2 howler monkeys
  3 bombardier beetles
  Crazy Yiuf (D:6)
  4 hounds
  2 orc priests
  2 sleepcaps (D:7)
  3 iguanas
  3 orc wizards
  3 adders
  3 gnolls
  2 shadow imps (D:6)
  2 ufetubi (D:5)
  A dart slug (D:1)
  A ribbon worm (D:2)
  18 orcs
  6 bats
  4 endoplasms
  9 goblins
  5 hobgoblins
  5 jackals (D:1)
  A quokka (D:1)
  12 ball pythons
  5 frilled lizards
  10 kobolds
  4 rats
182 creatures vanquished.

Vanquished Creatures (collateral kills)
  A manticore (D:10)
  Maggie (D:10)
  A kobold demonologist (D:10)
  A troll (D:10)
  A shadow (D:10)
  2 orc warriors (D:10)
  A centaur (D:10)
  A kobold brigand (D:10)
  An orc wizard (D:10)
10 creatures vanquished.

Vanquished Creatures (others)
  An orc apostle (D:10)
  7 orcs
  4 kobolds (D:10)
12 creatures vanquished.

Grand Total: 204 creatures vanquished

Notes
Turn   | Place    | Note
-------+----------+-------------------------------------------
     0 | D:1      | Yohl the Coglin Gladiator began the quest for the Orb.
     0 | D:1      | Reached XP level 1. HP: 16/16 MP: 1/1
   171 | D:1      | Reached XP level 2. HP: 22/22 MP: 2/2
   507 | D:1      | Reached XP level 3. HP: 26/27 MP: 3/3
   654 | D:1      | Reached skill level 1 in Stealth
   985 | D:2      | Found Ilymyt's Jewellery Shoppe.
  1474 | D:3      | Reached XP level 4. HP: 34/34 MP: 4/4
  1593 | D:3      | Reached skill level 1 in Armour
  1674 | D:3      | Reached skill level 1 in Short Blades
  1728 | D:3      | Identified the +12 lajatang "Bataiq" {flame, Str+4 Int+3}
  1768 | D:3      | Found an ancient bone altar of Kikubaaqudgha.
  2580 | D:4      | Became a worshipper of Beogh the Shepherd
  2593 | D:4      | Found Usumo's Jewellery Shop.
  2604 | D:4      | Noticed a scorpion
  2625 | D:3      | Reached XP level 5. HP: 39/39 MP: 5/5
  2743 | D:4      | Reached skill level 4 in Long Blades
  2935 | D:4      | Found a staircase to the Ecumenical Temple.
  3030 | Temple   | Entered the Ecumenical Temple
  3145 | D:5      | Entered Level 5 of the Dungeon
  3175 | D:5      | Reached XP level 6. HP: 46/46 MP: 6/6
  3260 | D:5      | Found a broken altar of Ashenzari.
  3265 | D:5      | Noticed a water moccasin
  3273 | D:5      | Killed a water moccasin
  3274 | D:5      | Reached XP level 7. HP: 52/52 MP: 7/7
  3298 | D:5      | Reached skill level 5 in Long Blades
  3401 | D:5      | Noticed Grinder
  3427 | D:5      | Killed Grinder
  3428 | D:5      | Reached skill level 1 in Evocations
  3509 | D:5      | Noticed Pikel
  3529 | D:5      | Killed Pikel
  3530 | D:5      | Reached skill level 5 in Stealth
  3530 | D:5      | Reached XP level 8. HP: 38/58 MP: 8/8
  3599 | D:5      | Found a glowing drain.
  3610 | Sewer    | Entered a sewer
  3666 | Sewer    | Noticed Pargi
  3673 | Sewer    | Killed Pargi
  3715 | Sewer    | Reached * piety under Beogh
  3758 | D:5      | Reached skill level 6 in Long Blades
  4217 | D:5      | Reached XP level 9. HP: 64/65 MP: 9/9
  4529 | D:6      | Found an ornate altar of the Wu Jian Council.
  4600 | D:6      | Reached skill level 7 in Long Blades
  4638 | D:6      | Found a transporter.
  4655 | D:6      | Identified the +5 great mace of Wu Jian's Envy {speed, rC+
                  | rCorr Str+5}
  4655 | D:6      | Noticed a two-headed ogre
  4656 | D:6      | Noticed mopl's ghost (novice MfFi)
  4667 | D:6      | Found a transporter.
  4767 | D:6      | Found a runed translucent door.
  4768 | D:6      | Noticed Crazy Yiuf
  5259 | D:6      | Killed Crazy Yiuf
  5294 | D:7      | Noticed Menkaure
  5300 | D:7      | Killed Menkaure
  5435 | D:7      | HP: 1/57 [wight/+5 short sword of freezing (3)]
  5621 | D:7      | Reached ** piety under Beogh
  5889 | D:7      | Reached skill level 8 in Long Blades
  6016 | D:7      | Noticed Jeremiah
  6046 | D:8      | Noticed Prince Ribbit
  6058 | D:8      | Killed Prince Ribbit
  6059 | D:8      | Reached skill level 5 in Fighting
  6218 | D:8      | Reached skill level 5 in Armour
  6218 | D:8      | Reached XP level 10. HP: 54/74 MP: 10/10
  6264 | D:8      | Found a flagged portal.
  6278 | Bailey   | Entered a bailey
  6642 | D:7      | Reached skill level 9 in Long Blades
  6939 | D:8      | Found a glowing golden altar of the Shining One.
  7057 | D:8      | Got the Guide on Forces and the Manifold
  7544 | D:9      | Noticed a two-headed ogre
  7604 | D:9      | Found the +8 trident of the Octopus King {venom, rElec
                  | rPois}
  7727 | D:9      | Noticed Psyche
  7733 | D:9      | Killed Psyche
  7743 | D:9      | Noticed a two-headed ogre
  8262 | D:10     | Entered Level 10 of the Dungeon
  8292 | D:10     | Noticed Maggie
  8306 | D:10     | Killed Maggie
  8307 | D:10     | Reached skill level 10 in Long Blades
  8311 | D:10     | Noticed a kobold demonologist
  8315 | D:10     | Noticed an orange demon
  8318 | D:10     | Killed a kobold demonologist
  8331 | D:10     | Found a staircase to the Orcish Mines.
  8370 | D:10     | Noticed a two-headed ogre
  8377 | D:10     | Killed a two-headed ogre
  8385 | D:10     | Noticed Erica
  8392 | D:10     | Killed Erica
  8393 | D:10     | Reached XP level 11. HP: 69/81 MP: 11/11
  8565 | D:10     | Reached skill level 11 in Long Blades
  8576 | D:10     | Reached *** piety under Beogh
  8580 | D:10     | Reached skill level 1 in Polearms
  8626 | D:10     | Noticed Marbaugh
  8637 | D:10     | Anointed Marbaugh the priest as your apostle
  8795 | D:10     | Found an opulent altar of Gozag.
  8795 | D:10     | Found a blossoming altar of Fedhas.
  8973 | D:10     | Noticed a manticore
  8998 | D:10     | Killed a manticore
  9095 | D:10     | Your ally Marbaugh died
  9782 | D:11     | Reached skill level 5 in Dodging
 10170 | D:11     | Noticed a manticore
 10185 | D:11     | Killed a manticore
 10221 | D:11     | Found a staircase to the Lair.
 10438 | D:12     | Noticed a cyclops
 10560 | D:12     | Found a portal to a secret trove of treasure.
 10872 | D:12     | Identified the +8 flail "Uxiuhorcha" {speed, Dex+4}
 10872 | D:12     | Noticed Orgrim
 10889 | D:12     | Slain by Orgrim the orc apostle

Illustrated notes

Levels and vault maps discovered:
D:1:      mainiacjoe_arrival_oval_in_oval, layout_rooms,
          dreamdust_princess_bridge, kennysheep_small_spiral,
          nicolae_figureground_sparkle
D:2:      layout_basic, serial_shops, shop, grunt_decor_cap, minmay_between
D:3:      layout_basic, mainiacjoe_overflow_boulevard
D:4:      layout_basic, minmay_temple_entry_junction, serial_shops,
          nicolae_diamond_shop
D:5:      layout_loops_ring, cheibrodos_ashenzari_chains,
          cheibrodos_sewer_entry_sluice, nrook_campfire, uniq_grinder,
          uniq_pikel
D:6:      layout_basic, pdpol_wu_jian_five_deadly_venoms, gammafunk_ghost_smash,
          uniq_crazy_yiuf_cottage
D:7:      layout_cave_pools, hangedman_abyss_or_decor_stabs,
          kennysheep_generic_room_9, uniq_jeremiah, uniq_menkaure
D:8:      layout_rooms, tso_metal_star, enter_bailey_5, uniq_prince_ribbit1
D:9:      layout_roguey, regret_index_xom_of_box, serial_co_window_serial,
          co_window_cross_1, co_window_of_opportunity_a, co_window_paths_b,
          co_window_corner_a, co_window_of_opportunity_a, co_window_paths_b,
          co_window_paths_a, co_window_paths_b, co_window_corner_a,
          co_window_corner_cb, co_window_corner_cb, glass_columns_a,
          glass_columns_a, glass_columns_c, glass_columns_b,
          dilly_guarded_unrand_devastator, uniq_psyche
D:10:     layout_rooms, amethyst_overflow_temple_binary, orc_0_dummy,
          evilmike_minifort, uniq_maggie, uniq_erica
D:11:     layout_cave_pools, david_lair_shrubbed
D:12:     layout_basic, serial_shops, nicolae_shop_back_alley_shop,
          enter_trove_0
Temple:   regret_index_temple_generic_petals

Skill      XL: |  1  2  3  4  5  6  7  8  9 10 11 |
---------------+----------------------------------+-----
Dodging        | 3 4 5 |  5.4
Stealth        | 1 2 5 6 7 |  7.0
Armour         | 1 2 3 5 6 |  6.6
Short Blades   | 1 |  1.1
Long Blades    | 4 5 6 8 10 11 | 11.4
Fighting       | 3 5 6 7 |  7.5
Evocations     | 1 2 3 4 |  4.8
Polearms       | 3 |  3.9
Throwing       | |  1.9
Invocations    | |  0.2

Action                     |  1- 3 |  4- 6 |  7- 9 | 10-12 || total
---------------------------+-------+-------+-------+-------++-------
  Melee: Long sword        |    86 |   107 |   394 |   220 ||   807
         Dagger            |    61 |       |       |       ||    61
         Trident           |       |       |       |   139 ||   139
  Throw: Throwing net      |       |       |       |     1 ||     1
         Javelin           |       |       |       |     1 ||     1
 Invoke: Convert to Beogh  |       |     1 |       |       ||     1
         Smiting           |       |       |     1 |       ||     1
         Recruit Apostle   |       |       |       |     1 ||     1
  Evoke: Wand              |       |     3 |    10 |    28 ||    41
    Use: Scroll            |     4 |     3 |     2 |     1 ||    10
         Potion            |       |     1 |     4 |     7 ||    12
   Stab: Sleeping          |     3 |     2 |     3 |     2 ||    10
         Paralysed         |       |    17 |    28 |     2 ||    47
         Held in net/web   |       |       |       |     1 ||     1
 Armour: Leather armour    |    47 |     5 |       |       ||    52
         Ring mail         |       |    29 |   175 |    97 ||   301
         Steam dragon scal |       |       |       |    67 ||    67
  Dodge: Dodged            |    52 |    34 |   150 |   124 ||   360

Table legend: (Time is in decaauts)
 A = Elapsed time spent in this place.
 B = Non-inter-level travel time spent in this place.
 C = Inter-level travel time spent in this place.
 D = Time resting spent in this place.
 E = Time spent auto-exploring this place.
 F = Levels seen in this place.
 G = Mean time per level.
                   A        B        C        D        E       F      G
               +--------+--------+--------+--------+--------+-----+--------+
         Total |  10911 |  10361 |    550 |   1560 |   6351 |  15 |  727.4 |
       Dungeon |  10739 |  10189 |    550 |   1542 |   6343 |  12 |  894.9 |
        Temple |      1 |      1 |      0 |      0 |      0 |   1 |    1.0 |
         Sewer |    134 |    134 |      0 |     18 |      8 |   1 |  134.0 |
        Bailey |     35 |     35 |      0 |      0 |      0 |   1 |   35.0 |
               +--------+--------+--------+--------+--------+-----+--------+

Top non-repeatable levels by time:
    D:10: 1256 daAuts
     D:6: 1137 daAuts
     D:5: 1089 daAuts
     D:8: 1070 daAuts
     D:3: 978 daAuts
     D:1: 901 daAuts
    D:11: 895 daAuts
     D:7: 833 daAuts
     D:9: 828 daAuts
     D:4: 712 daAuts
     D:2: 555 daAuts
    D:12: 479 daAuts
   Sewer: 134 daAuts
  Bailey: 35 daAuts
  Temple: 1 daAuts
